 Dungeon Crawl Stone Soup version 0.27.1-33-g824d729ab1 (webtiles) character file.

Game seed: 4462223798655481608

2670 jlumianski the Skirmisher (level 9, -6/55 HPs)
             Began as a Gargoyle Monk on Dec 13, 2021.
             Was a Priest of Kikubaaqudgha.
             Killed from afar by Harold (22 damage)
             ... with a harpoon shot
             ... on level 8 of the Dungeon.
             The game lasted 00:47:13 (9300 turns).

jlumianski the Skirmisher (Gargoyle Monk)           Turns: 9300, Time: 00:47:13

Health: -6/55      AC: 16    Str: 18    XL:     9   Next: 63%
Magic:  12/13      EV: 10    Int: 17    God:    Kikubaaqudgha [***...]
Gold:   372        SH:  0    Dex: 12    Spells: 7/14 levels left

rFire    . . .     SeeInvis .   Y - +2 hand axe (flame)
rCold    . . .     Faith    .   (no shield)
rNeg     + . .     Spirit   .   W - +3 scale mail
rPois    ∞         Reflect  .   (no helmet)
rElec    +         Harm     .   (no cloak)
rCorr    .         Rampage  .   (no gloves)
Will     .....                  (no boots)
Stlth    +.........             (no amulet)
HPRegen  0.18/turn              x - +4 ring of evasion
MPRegen  0.13/turn              z - +6 ring of intelligence

@: held, studying Invocations
A: sickness immunity, AC +6, negative energy resistance 1, electricity
resistance, torment resistance 1, petrification resistance
a: Renounce Religion, Receive Corpses


You were on level 8 of the Dungeon.
You worshipped Kikubaaqudgha.
Kikubaaqudgha was most pleased with you.
You visited 2 branches of the dungeon, and saw 9 of its levels.
You also visited: Ossuary.

You collected 372 gold pieces.

Inventory:

Hand Weapons
 l - a +0 hunting sling
 u - a +0 dagger of holy wrath
 A - a +2 dagger of venom
 D - a +1 shortbow of flaming
 G - a +1 hand axe of venom
 I - a +2 trident of freezing
 J - a +0 spectral quarterstaff
 P - a +0 vorpal hand axe
 U - a +5 scimitar of freezing
 V - a +1 hand axe of electrocution
 Y - a +2 hand axe of flaming (weapon)
 Z - a +0 arbalest
Missiles
 j - 149 stones
 r - 7 javelins (quivered)
 E - 90 arrows
 H - 23 boomerangs
 L - 4 silver boomerangs
Armour
 b - a +0 robe
 k - a +0 leather armour
 o - a +1 leather armour of willpower
 B - a +1 ring mail of fire resistance
 W - a +3 scale mail (worn)
Magical Staves
 R - a staff of conjuration
Jewellery
 d - a ring of fire
 x - a +4 ring of evasion (left hand)
 z - a +6 ring of intelligence (right hand)
Wands
 n - a wand of flame (14)
 K - a wand of iceblast (4)
Scrolls
 c - 2 scrolls of teleportation
 e - 5 scrolls of magic mapping
 m - 2 scrolls of enchant armour
 t - 4 scrolls of amnesia
 v - 7 scrolls of noise
 M - a scroll of fear
 Q - a scroll of identify
 S - a scroll of blinking
 X - a scroll of holy word {unknown}
Potions
 a - a potion of lignification {unknown}
 f - 10 potions of degeneration
 h - a potion of curing
 i - a potion of might
 p - 4 potions of flight
 q - a potion of attraction
 s - 2 potions of brilliance
 C - 3 potions of haste
 F - 3 potions of mutation
 O - 2 potions of magic


   Skills:
 + Level 6.0 Fighting
 + Level 3.1 Short Blades
 + Level 5.5 Axes
 + Level 1.5 Slings
 + Level 0.2(1.0) Throwing
 + Level 4.5 Armour
 + Level 4.6 Dodging
 + Level 3.4 Stealth
 + Level 3.0 Spellcasting
 * Level 4.2 Necromancy
 + Level 0.1 Air Magic
 * Level 3.4 Invocations


You had 7 spell levels left.
You knew the following spells:

 Your Spells              Type           Power      Damage    Failure   Level
a - Animate Skeleton      Necr           34%        N/A       9%          1
b - Pain                  Necr           68%        1d7       9%          1
c - Corpse Rot            Necr/Air       N/A        N/A       32%         2
d - Vampiric Draining     Necr           8%         2d7       26%         3

Your spell library contained the following spells:

 Spells                   Type           Power      Damage    Failure   Level
 Freeze                   Ice            8%         1d3       45%         1
 Animate Dead             Necr           8%         N/A       65%         4
 Dispel Undead            Necr           17%        3d10      65%         4
 Frozen Ramparts          Ice            4%         1d2       83%         3
 Tukima's Dance           Hex            2%         N/A       83%         3
 Agony                    Necr           17%        N/A       94%         5
 Excruciating Wounds      Necr           8%         N/A       94%         5
 Animate Armour           Summ/Erth      4%         N/A       99%         4
 Hailstorm                Conj/Ice       2%         3d3       99%         4
 Passage of Golubria      Tloc           N/A        N/A       99%         4
 Blade Hands              Tmut           1%         N/A       100%        5
 Fireball                 Conj/Fire      1%         3d3       100%        5
 Iskenderun's Battlesphe  Conj           2%         2d6       100%        5
 Yara's Violent Unravell  Hex/Tmut       1%         3d3       100%        5
 Conjure Ball Lightning   Conj/Air       1%         3x3d6     100%        6
 Death Channel            Necr           8%         N/A       100%        6
 Iron Shot                Conj/Erth      1%         9d1       100%        6
 Orb of Destruction       Conj           1%         N/A       100%        7


Dungeon Overview and Level Annotations

Branches:
Dungeon (8/15)             Temple (1/1) D:4         Ossuary (visited)
   Lair: D:8-11

Altars:
Ashenzari
Cheibriados
Dithmenos
Elyvilon
Fedhas
Gozag
Kikubaaqudgha
Makhleb
Nemelex Xobeh
Okawaru
Qazlal
Ru
Sif Muna
Trog
Uskayaw
Vehumet
Wu Jian
Xom
Yredelemnul
Zin
The Shining One

Shops:
D:5 *   D:7 [

Annotations:
D:8 Harold


Innate Abilities, Weirdness & Mutations

You are immune to sickness and miasma.
Your stone body is resilient. (AC +6)
You are immune to poison.
You resist negative energy. (rN+)
You are resistant to electric shocks. (rElec)
You are resistant to unholy torment.
You are immune to petrification.


Message History

You hear a shout!
Harold throws a throwing net.
The throwing net hits you.
You become entangled in the net!
You tear a large gash into the net.
You struggle against the net.
Harold zaps a wand.
You suddenly lose the ability to move!
Harold hits you from afar with a +0 glaive.
Harold hits you from afar with a +0 glaive!
Harold hits you from afar with a +0 glaive.
Harold hits you but does no damage.
Harold hits you from afar with a +0 glaive!
Harold hits you from afar with a +0 glaive.
* * * LOW HITPOINT WARNING * * *
You can move again.
You feel much better. Harold misses you.
Casting: Pain (safe; 9% risk of failure)
Confirm with . or Enter, or press ? or * to list all spells.
Aiming: Pain (safe; 9% risk of failure)
Press: ? - help, Shift-Dir - straight line, f/p - Harold
Aim: Harold, wielding a +0 glaive, wearing a +0 chain mail, quivering 2 throwing nets and carrying a wand of paralysis (7) (lightly wounded, chance to affect: 42%) Harold writhes in agony.
Harold hits you from afar with a +0 glaive.
Aiming: Iceblast
Press: ? - help, Shift-Dir - straight line, f/p - Harold
Aim: Harold, wielding a +0 glaive, wearing a +0 chain mail, quivering 2 throwing nets and carrying a wand of paralysis (7) (lightly wounded)
The mass of ice explodes!
The iceblast engulfs Harold!
Harold is moderately wounded.
Harold hits you from afar with a +0 glaive!
Aiming: Iceblast
Press: ? - help, Shift-Dir - straight line, f/p - Harold
Aim: Harold, wielding a +0 glaive, wearing a +0 chain mail, quivering 2 throwing nets and carrying a wand of paralysis (7) (moderately wounded)
The mass of ice explodes!
The iceblast engulfs Harold!
Harold is moderately wounded.
Harold hits you from afar with a +0 glaive!
* * * LOW HITPOINT WARNING * * *
You feel better. Harold fires a harpoon shot at you.
The harpoon shot hits you!!
You die...
Kikubaaqudgha rasps: "You have failed me!
Welcome... oblivion!"

#.#...#. #..... ####
#...##....##
#...........
#.#c#####.##############
#..#.## #.#
#.......<..######.
..c@###.# #.#
#.####............ ..##.
#.####.# #.#
#.###.####### . #
#.#.....###@####.# #.#
###.####.....@...# #.#
#.# #.##(###### #.# #.#
#.##.# #.# #.# #.##.#
#.# #.# #.##.########.#
... ..##..........# #.#
############### #.#


You could see Harold.

Vanquished Creatures
  Grinder (D:5)
  A steam dragon (D:4)
  An ice beast (D:6)
  A black bear (D:5)
  A necrophage (D:4)
  2 ogres (D:6)
  3 centaurs
  A phantom (D:6)
  3 bullfrogs
  A gnoll sergeant (D:6)
  2 scorpions
  A wyvern skeleton (D:6)
  4 wights
  A howler monkey (D:6)
  A human zombie (Ossuary)
  A centaur zombie (Ossuary)
  4 hounds
  3 orc priests
  2 jellies
  A bullfrog skeleton (D:5)
  Ijyb (D:5)
  An iguana (D:6)
  6 orc wizards
  4 mummies (Ossuary)
  9 adders
  7 gnolls
  A howler monkey skeleton (D:6)
  A shadow imp (D:7)
  2 ufetubi
  2 adder skeletons (D:4)
  A worm (D:2)
  2 dart slugs
  25 orcs
  8 ball pythons
  6 bats
  5 endoplasms
  2 giant cockroaches
  9 goblins
  3 hobgoblins
  6 jackals
  4 kobolds
  2 quokkas (D:1)
  6 frilled lizards
  A gnoll zombie (Ossuary)
  A goblin zombie (Ossuary)
  3 hobgoblin zombies (Ossuary)
  An orc zombie (Ossuary)
  5 rats
159 creatures vanquished.

Vanquished Creatures (collateral kills)
  A necrophage (D:6)
  A howler monkey (D:7)
  A hound (D:5)
  2 bats (D:3)
  A goblin (D:3)
  A jackal (D:4)
  A kobold (D:4)
  A frilled lizard (D:3)
9 creatures vanquished.

Vanquished Creatures (others)
  An orc (D:7)
  A jackal (D:4)
2 creatures vanquished.

Grand Total: 170 creatures vanquished

Notes
Turn   | Place    | Note
-------+----------+-------------------------------------------
     0 | D:1      | jlumianski the Gargoyle Monk began the quest for the Orb.
     0 | D:1      | Reached XP level 1. HP: 14/14 MP: 1/1
   330 | D:1      | Reached XP level 2. HP: 19/19 MP: 2/2
   947 | D:1      | Reached XP level 3. HP: 23/24 MP: 3/3
  2305 | D:2      | Found a faded altar of an unknown god.
  2310 | D:2      | Got Plato's Reference Book on Black Magic
  2313 | D:2      | Learned a level 1 spell: Animate Skeleton
  2396 | D:2      | Found an ancient bone altar of Kikubaaqudgha.
  2405 | D:2      | Became a worshipper of Kikubaaqudgha
  2405 | D:2      | Reached * piety under Kikubaaqudgha
  2405 | D:2      | Received a gift from Kikubaaqudgha
  2405 | D:2      | Reached ** piety under Kikubaaqudgha
  2408 | D:2      | Learned a level 1 spell: Pain
  2550 | D:3      | Reached XP level 4. HP: 25/29 MP: 4/4
  2763 | D:3      | Found Xes Leo's Distillery.
  2880 | D:3      | Reached skill level 1 in Necromancy
  2991 | D:3      | Reached skill level 1 in Armour
  2991 | D:3      | Reached XP level 5. HP: 18/33 MP: 5/5
  3311 | D:4      | Reached skill level 1 in Slings
  3500 | D:4      | Reached XP level 6. HP: 35/38 MP: 6/6
  3537 | D:4      | Reached skill level 1 in Spellcasting
  3552 | D:4      | Noticed a necrophage
  3553 | D:4      | Found a staircase to the Ecumenical Temple.
  3567 | D:4      | Reached skill level 4 in Fighting
  3577 | D:4      | Killed a necrophage
  3578 | D:4      | Reached skill level 1 in Short Blades
  3638 | Temple   | Entered the Ecumenical Temple
  3760 | D:4      | Learned a level 2 spell: Corpse Rot
  3927 | D:4      | Noticed a steam dragon
  3939 | D:4      | Killed a steam dragon
  3940 | D:4      | Reached XP level 7. HP: 9/43 MP: 5/9
  4409 | D:5      | Entered Level 5 of the Dungeon
  4712 | D:5      | Noticed Grinder
  4725 | D:5      | Paralysed by Grinder for 3 turns
  4731 | D:5      | HP: 2/43 [Grinder (5)]
  4733 | D:5      | Killed Grinder
  4926 | D:5      | Found Etullyd's General Store.
  4999 | D:5      | Reached XP level 8. HP: 25/48 MP: 11/11
  5357 | D:5      | Reached *** piety under Kikubaaqudgha
  5357 | D:5      | Received a gift from Kikubaaqudgha
  5761 | D:5      | Noticed Ijyb
  5775 | D:5      | Killed Ijyb
  6135 | D:6      | Found a sand-covered staircase.
  6153 | Ossuary  | Entered an ossuary
  6758 | D:6      | Found a blossoming altar of Fedhas.
  6761 | D:6      | Found a snail-covered altar of Cheibriados.
  6761 | D:6      | Found a white marble altar of Elyvilon.
  6761 | D:6      | Found a radiant altar of Vehumet.
  6762 | D:6      | Found an ornate altar of the Wu Jian Council.
  6811 | D:6      | Found a bloodstained altar of Trog.
  6811 | D:6      | Found a glowing golden altar of the Shining One.
  6812 | D:6      | Found a shimmering blue altar of Sif Muna.
  6958 | D:6      | Reached skill level 5 in Fighting
  7037 | D:6      | Reached XP level 9. HP: 31/54 MP: 8/12
  7041 | D:6      | Reached skill level 5 in Axes
  7124 | D:6      | Reached skill level 1 in Invocations
  7771 | D:7      | Learned a level 3 spell: Vampiric Draining
  8595 | D:7      | Found Ogolip's Armour Emporium.
  8906 | D:7      | Reached skill level 6 in Fighting
  9014 | D:8      | Noticed Harold
  9289 | D:8      | Paralysed by Harold for 7 turns
  9300 | D:8      | Killed from afar by Harold

Illustrated notes

Levels and vault maps discovered:
D:1:      onia_arrival_mini_spirals, layout_basic
D:2:      layout_basic, shapermc_ecumenical_altar_rom_forum, basic_altar,
          minmay_fountain_box
D:3:      layout_rooms, serial_shops, nicolae_square_shop
D:4:      layout_basic, minmay_temple_entry_mini_moons, kennysheep_windowed_goal
D:5:      layout_basic, serial_shops, shop, uniq_ijyb, uniq_grinder
D:6:      layout_basic, grunt_temple_overflow_open,
          nicolae_ossuary_entry_false_entrances, minmay_manual_moon
D:7:      layout_cave_pools, serial_shops, nicolae_shop_waterfront
D:8:      layout_loops_ring, lair_entry_dummy, uniq_maggie, uniq_harold
Temple:   nicolae_temple_god_jail

Skill      XL: |  1  2  3  4  5  6  7  8  9 |
---------------+----------------------------+-----
Axes           | 3 4 5 |  5.5
Necromancy     | 1 2 3 4 |  4.2
Armour         | 1 2 3 4 |  4.5
Slings         | 1 |  1.5
Dodging        | 3 4 |  4.6
Spellcasting   | 1 2 3 |  3.0
Fighting       | 4 5 6 |  6.0
Short Blades   | 1 2 3 |  3.1
Stealth        | 3 |  3.4
Invocations    | 3 |  3.4
Throwing       | |  0.2
Air Magic      | |  0.1

Action                   |  1- 3 |  4- 6 |  7- 9 || total
-------------------------+-------+-------+-------++-------
Melee: Hand axe          |   161 |    36 |   323 ||   520
       Dagger            |       |    99 |    57 ||   156
 Fire: Hunting sling     |     6 |     9 |       ||    15
Throw: Stone             |       |     1 |       ||     1
       Javelin           |       |       |     5 ||     5
 Cast: Animate Skeleton  |       |    15 |    19 ||    34
       Corpse Rot        |       |     1 |     7 ||     8
       Pain              |       |       |    21 ||    21
       Vampiric Draining |       |       |     2 ||     2
Invok: Receive Corpses   |       |       |     2 ||     2
Evoke: Wand              |       |       |     3 ||     3
  Use: Scroll            |     2 |     6 |     6 ||    14
       Potion            |     1 |       |    11 ||    12
 Stab: Sleeping          |     5 |     1 |     3 ||     9
       Distracted        |       |       |     1 ||     1
Armor: Robe              |    21 |       |       ||    21
       Leather armour    |    43 |    40 |    14 ||    97
       Ring mail         |       |       |   139 ||   139
       Scale mail        |       |       |    29 ||    29
Dodge: Dodged            |   109 |   125 |   444 ||   678
